 Dungeon Sprint DCSS version 0.31-a0-18-gea43df2a32 (webtiles) character file.

Game seed: 10638496704884524692

244 sircluck the Ruffian (level 5, -2/61 HPs)
             Began as a Troll Berserker on May 10, 2023.
             Was a Follower of Trog.
             Slain by a neqoxec (9 damage)
             ... while paralysed
             ... in the Dungeon (Sprint II: "The Violet Keep of Menkaure").
             The game lasted 00:00:27 (33 turns).

sircluck the Ruffian (Troll Berserker)                Turns: 33, Time: 00:00:28

Health: -2/61      AC:  4    Str: 27      XL:     5   Next: 83%
Magic:  4/4        EV:  1    Int:  0 (3)  God:    Trog [*.....]
Gold:   0          SH:  0    Dex:  9      Spells: 4/4 levels left

rFire   . .          .
                       - Unarmed
rCold   . . .        (no shield)
rNeg    . . .        a - +0 animal skin
rPois   .            (helmet restricted)
rElec   .            (no cloak)
rCorr   .            (gloves unavailable)
SInv    .            (boots unavailable)
Will    .....        (no amulet)
Stlth   +            (no ring)
HPRegen 1.10/turn    (no ring)
MPRegen 0.09/turn

%: no teleportation, random rage (3%)
@: paralysed, on berserk cooldown, slowed, lost intelligence, unable to read,
unable to drink
A: large, unfitting armour, claws 3, regeneration 1, shaggy fur 1, tough skin 1,
berserk 1, screaming 1, inability to drink after injury 1
a: Renounce Religion, Berserk


You were in the Dungeon.
You worshipped Trog.
Trog was aware of your devotion.
You visited 1 branch

Inventory:

Armour
 a - a +0 animal skin (worn)
Scrolls
 g - a scroll of blinking
Potions
 b - a potion of curing
 c - a potion of heal wounds
 d - a potion of haste
 e - 2 potions of magic
 f - a potion of berserk rage


   Skills:
 + Level 6.4 Fighting
 + Level 6.1 Dodging
 + Level 7.8 Unarmed Combat


You had 4 spell levels left.
You didn't know any spells.
Your spell library was empty.

Dungeon Overview and Level Annotations

Branches:
Dungeon (1/1)

Altars:

Annotations:
D exclusion: obsidian statue


Innate Abilities, Weirdness & Mutations

You are too large for most types of armour.
You have claws for hands.
Your natural rate of healing is unusually fast.
You are covered in fur. (AC +1)
You have tough skin. (AC +1)
You sometimes lose your temper in combat.
You occasionally shout uncontrollably at your foes.
You occasionally lose the ability to drink potions when taking damage.


Message History

The neqoxec gestures at you.
Strange energies course through your body.
You feel the urge to shout. The neqoxec gestures at you.
Something tries to feed on your intellect!
The neqoxec hits you!
You barely miss the neqoxec.
The neqoxec is heavily wounded.
The neqoxec hits you but does no damage.
The neqoxec barely misses you.
You barely miss the neqoxec.
The neqoxec is heavily wounded.
The neqoxec closely misses you.
The neqoxec hits you but does no damage.
You scratch the neqoxec but do no damage.
The neqoxec is heavily wounded.
The neqoxec gestures at you.
Strange energies course through your body.
You feel yourself wasting away. The neqoxec misses you.
You miss the neqoxec.
The neqoxec is heavily wounded.
The neqoxec hits you!
You feel threatened and lose the ability to drink potions!
The neqoxec gestures at you.
Strange energies course through your body.
You feel healthier. The neqoxec hits you!
* * * LOW HITPOINT WARNING * * *
The neqoxec hits you but does no damage.
Unknown command.
You claw the neqoxec!
The neqoxec is severely wounded.
The neqoxec hits you!
* * * LOW HITPOINT WARNING * * *
The neqoxec gestures at you.
You feel dopey.
You have lost your intelligence.
Something feeds on your intellect! The neqoxec hits you!
You die...

#s# # #+#
.##
##.##B..#
+.<.+#
##.##B..#
#'## .##
####.## #
#..##.#
#.3@##
##3## ~~~
+++# ○.
.° ..8
°.°


You could see an obsidian statue and 2 neqoxecs.

Vanquished Creatures
  2 neqoxecs (D)
2 creatures vanquished.

Notes
Turn   | Place    | Note
-------+----------+-------------------------------------------
     0 | D        | sircluck the Troll Berserker began the quest for the Orb.
     0 | D        | Reached XP level 1. HP: 22/22 MP: 0/0
     1 | D        | Noticed a scorpion
     1 | D        | Noticed a scorpion
     1 | D        | Noticed a scorpion
     1 | D        | Noticed a scorpion
     5 | D        | Noticed a boulder beetle
     5 | D        | Noticed a boulder beetle
     9 | D        | Noticed a neqoxec
    13 | D        | Gained mutation: You occasionally lose the ability to drink
                  | potions when taking damage. [a neqoxec]
    16 | D        | Killed a neqoxec
    17 | D        | Reached skill level 5 in Fighting
    17 | D        | Reached skill level 5 in Dodging
    17 | D        | Reached skill level 6 in Unarmed Combat
    17 | D        | Reached XP level 2. HP: 35/35 MP: 1/1
    17 | D        | Reached XP level 3. HP: 42/42 MP: 2/2
    17 | D        | Reached XP level 4. HP: 50/50 MP: 3/3
    18 | D        | Noticed a neqoxec
    23 | D        | Killed a neqoxec
    24 | D        | Reached skill level 7 in Unarmed Combat
    24 | D        | Reached XP level 5. HP: 61/61 MP: 4/4
    24 | D        | Noticed a neqoxec
    25 | D        | Noticed a neqoxec
    26 | D        | Gained mutation: You sometimes lose your temper in combat.
                  | [a neqoxec]
    27 | D        | Noticed an obsidian statue
    27 | D        | Gained mutation: You occasionally shout uncontrollably at
                  | your foes. [a neqoxec]
    30 | D        | Gained mutation: Your body sometimes deteriorates upon
                  | taking damage. [a neqoxec]
    31 | D        | Lost mutation: Your body sometimes deteriorates upon taking
                  | damage. [a neqoxec]
    32 | D        | Lost intelligence.
    33 | D        | Slain by a neqoxec

Illustrated notes

Levels and vault maps discovered:
D:        the_violet_keep_of_menkaure [sprint2_stairs_cluster_1,
          sprint2_shoproom, sprint2_temple, sprint2_basic_supplies,
          sprint2_obstacle_3, sprint2_obstacle_2, sprint2_obstacle_6,
          sprint2_obstacle_5, sprint2_obstacle_7, sprint2_timed_cluster_1,
          sprint2_smallroom_cluster_1, sprint2_smallroom_final_cluster_1,
          sprint2_transparent_cluster_1, sprint2_second_timed_cluster_1,
          sprint2_sniper_area_1, sprint2_heavy_combat_area_1,
          sprint2_mutation_trap_area_1, sprint2_forest_area_1,
          sprint2_light_combat_area_1, sprint2_behind_water_1,
          sprint2_near_end_vault_1]

Skill      XL: |  1  2  3  4 |
---------------+-------------+-----
Fighting       | 5 6 |  6.4
Dodging        | 5 6 |  6.1
Unarmed Combat | 6 7 |  7.8

Action                     |  1- 3 |  4- 6 || total
---------------------------+-------+-------++-------
  Melee: Unarmed           |     2 |    12 ||    14
         Punch             |       |     1 ||     1
 Invoke: Berserk           |     1 |       ||     1
 Armour: Animal skin       |       |     4 ||     4
  Dodge: Dodged            |       |     4 ||     4

Table legend: (Time is in decaauts)
 A = Elapsed time spent in this place.
 B = Non-inter-level travel time spent in this place.
 C = Inter-level travel time spent in this place.
 D = Time resting spent in this place.
 E = Time spent auto-exploring this place.
 F = Levels seen in this place.
 G = Mean time per level.
                   A        B        C        D        E       F      G
               +--------+--------+--------+--------+--------+-----+--------+
         Total |     30 |     30 |      0 |      0 |      1 |   1 |   30.0 |
       Dungeon |     30 |     30 |      0 |      0 |      1 |   1 |   30.0 |
               +--------+--------+--------+--------+--------+-----+--------+

Top non-repeatable levels by time:
       D: 30 daAuts
